 Dungeon Crawl Stone Soup version 0.32-a0-422-g28b100f618 (webtiles) character file.

Game seed: 9367333399232526729

86 BubbleThief the Sneak (level 4, -4/23 HPs)
             Began as a Vine Stalker Brigand on Feb 22, 2024.
             Slain by an orc
             ... wielding a +2 dagger of venom
              (5 damage)
             ... on level 3 of the Dungeon.
             The game lasted 00:02:43 (1290 turns).

BubbleThief the Sneak (Vine Stalker Brigand)        Turns: 1290, Time: 00:02:43

Health: -4/23      AC:  3    Str: 14    XL:     4   Next: 49%
Magic:  0/5        EV: 11    Int: 11    God:
Gold:   104        SH:  0    Dex: 17    Spells: 3/3 levels left

rFire   . . .        a - +2 dagger
rCold   . . .        (no shield)
rNeg    . . .        b - +0 robe
rPois   .            (no helmet)
rElec   .            c - +0 cloak
rCorr   .            (no gloves)
SInv    .            (no boots)
Will    .....        (no amulet)
Stlth   +++          (no ring)
HPRegen 1.03/turn    (no ring)
MPRegen 0.09/turn

%: guardian spirit
@: lethally poisoned (-4 -> -5)
A: fangs 2, regeneration 1, magic shield, antimagic bite, no potion heal 2
a: no special abilities


You were on level 3 of the Dungeon.
You visited 1 branch of the dungeon, and saw 3 of its levels.

You collected 104 gold pieces.

Inventory:

Hand Weapons
 a - a +2 dagger (weapon)
 n - a +0 rapier
Missiles
 d - 14 poisoned darts (quivered)
 e - 3 curare-tipped darts
Armour
 b - a +0 robe (worn)
 c - a +0 cloak (worn)
Scrolls
 f - 3 scrolls of identify {unknown}
 g - a scroll of teleportation {unknown}
 h - a scroll of vulnerability {unknown}
 l - a scroll of poison {unknown}
 o - a scroll of fog {unknown}
Potions
 i - 2 potions of curing {unknown}
 j - a potion of lignification {unknown}
 k - 2 potions of enlightenment {unknown}
 m - a potion of heal wounds {unknown}


   Skills:
 + Level 2.8 Fighting
 + Level 2.7 Short Blades
 - Level 1.7 Throwing
 - Level 0.7 Dodging
 + Level 5.7 Stealth


You had 3 spell levels left.
You didn't know any spells.
Your spell library was empty.

Dungeon Overview and Level Annotations

Branches:
Dungeon (3/15)

Altars:


Innate Abilities, Weirdness & Mutations

You have extremely sharp teeth.
Your natural rate of healing is unusually fast.
When hurt, damage is shared between your health and your magic reserves.
Your bite disrupts and absorbs the magic of your enemies.
Potions cannot restore your health.


Message History

3 orcs come into view.
An orc is wielding a +2 dagger of venom.
Found a scroll labelled SUEWYU KIUMOI.
Found 4 poisoned darts.
The adder hisses angrily.
An orc comes into view. It is wielding a +0 mace of holy wrath.
The helpless orc fails to defend itself.
You impale the orc!!
You kill the orc!
The ribbon worm expels a string of sticky webbing.
The stream of webbing hits you but does no damage.
You are caught in a web!
You struggle to detach yourself from the web.
You struggle to detach yourself from the web.
The adder bites you but does no damage. The ribbon worm bites you.
The orc hits you with a +2 dagger of venom.
You are poisoned.
The adder barely misses you.
You struggle to detach yourself from the web.
You feel very sick. The ribbon worm bites you.
The adder bites you but does no damage.
The orc hits you with a +2 dagger of venom.
The web tears apart.
You feel very sick. The adder bites you but does no damage.
The ribbon worm bites you.
* * * LOW HITPOINT WARNING * * *
The orc hits you with a +2 dagger of venom.
* * * LOW HITPOINT WARNING * * *
You aren't carrying any items that you can evoke.
Sorry, you're not good enough to have a special ability.
You closely miss the adder.
* * * LOW HITPOINT WARNING * * *
You feel sick. The adder closely misses you.
Unknown command.
You hit the adder.
The adder is moderately wounded.
* * * LOW HITPOINT WARNING * * *
You feel sick.
The orc hits you with a +2 dagger of venom.
You die...

.....## #...# #.###
....)# #..####....
...#.## #.....#...####
...#..## ##<##........##
...#...# #..# #........#
####...###.####.........
#....#..# #..........
#....#.####..Sw......
#........#..#@#####.
#....#.#...##o#
#....#.#.####o.
#....#.#.. ....
#....#..... .....
#.........###o...?.
#.........# ##.#(...
..........# #.......
..#......>.#


You could see a ribbon worm (catching breath), an adder and 3 orcs.

Vanquished Creatures
  3 adders
  A dart slug (D:2)
  An orc (D:3)
  3 bats
  2 endoplasms
  2 giant cockroaches
  6 goblins
  3 hobgoblins (D:1)
  2 quokkas
  3 ball pythons
  A frilled lizard (D:2)
  2 kobolds
  3 rats
32 creatures vanquished.

Notes
Turn   | Place    | Note
-------+----------+-------------------------------------------
     0 | D:1      | BubbleThief the Vine Stalker Brigand began the quest for
                  | the Orb.
     0 | D:1      | Reached XP level 1. HP: 11/11 MP: 2/2
    66 | D:1      | Reached skill level 5 in Stealth
    70 | D:1      | Reached XP level 2. HP: 15/15 MP: 3/3
   368 | D:1      | Reached XP level 3. HP: 18/18 MP: 4/4
   786 | D:2      | Reached XP level 4. HP: 23/23 MP: 5/5
  1290 | D:3      | HP: 1/23 [poisoned by an orc]
  1290 | D:3      | Slain by an orc

Illustrated notes

Levels and vault maps discovered:
D:1:      pf_arrival_petrified_forest, layout_rooms, minmay_misc_feat_rugged,
          nicolae_the_louvre
D:2:      layout_basic
D:3:      layout_rooms, nicolae_dithmenos_through_a_glass_darkly

Skill      XL: |  1 |
---------------+----+-----
Fighting       | 2 |  2.8
Short Blades   | 2 |  2.7
Stealth        | 5 |  5.7
Throwing       | |  1.7
Dodging        | |  0.7

Action                     |  1- 3 |  4- 6 || total
---------------------------+-------+-------++-------
  Melee: Dagger            |    49 |    19 ||    68
         Bite              |    10 |     2 ||    12
   Stab: Sleeping          |     7 |     4 ||    11
         Distracted        |       |     1 ||     1
 Armour: Robe              |    17 |    16 ||    33
  Dodge: Dodged            |    25 |     7 ||    32

Table legend: (Time is in decaauts)
 A = Elapsed time spent in this place.
 B = Non-inter-level travel time spent in this place.
 C = Inter-level travel time spent in this place.
 D = Time resting spent in this place.
 E = Time spent auto-exploring this place.
 F = Levels seen in this place.
 G = Mean time per level.
                   A        B        C        D        E       F      G
               +--------+--------+--------+--------+--------+-----+--------+
         Total |   1281 |   1228 |     53 |      0 |    997 |   3 |  427.0 |
       Dungeon |   1281 |   1228 |     53 |      0 |    997 |   3 |  427.0 |
               +--------+--------+--------+--------+--------+-----+--------+

Top non-repeatable levels by time:
     D:2: 643 daAuts
     D:1: 566 daAuts
     D:3: 71 daAuts
